 Dungeon Crawl Stone Soup version 0.18.1-8-gdd0e5ea (webtiles) character file.

85 mindo the Magician (level 4, 0/27 HPs)
             Began as a High Elf Fire Elementalist on June 10, 2016.
             Slain by Natasha (2 damage)
             ... on level 2 of the Dungeon.
             The game lasted 00:11:55 (2040 turns).

mindo the Magician (High Elf Fire Elementalist)     Turns: 2040, Time: 00:11:55

Health: 0/27       AC:  2    Str:  7    XL:     4   Next: 25%
Magic:  5/11       EV: 12    Int: 20    God:
Gold:   72         SH:  0    Dex: 15    Spells: 1 memorised, 11 levels left

rFire  . . .     SeeInvis .     i - +0 dagger (holy)
rCold  . . .     Gourm    .     a - +0 robe
rNeg   . . .     Faith    .     (no shield)
rPois  .         Spirit   .     (no helmet)
rElec  .         Dismiss  .     (no cloak)
rCorr  .         Reflect  .     (no gloves)
SustAt .         Harm     .     (no boots)
MR     .....                    (no amulet)
Stlth  ++........               (no ring)
                                (no ring)

@: very slightly contaminated, slowed, very slow, not resistant to hostile
enchantments, unstealthy
A: no striking features
a: no special abilities


You were on level 2 of the Dungeon.
You were not hungry.

You visited 1 branch of the dungeon, and saw 2 of its levels.

You collected 72 gold pieces.

Inventory:

Hand Weapons
 i - a +0 dagger of holy wrath (weapon)
 j - a cursed -1 dagger
 l - a +0 dagger of venom
Armour
 a - a +0 robe (worn)
Scrolls
 d - a scroll of fog {unknown}
 e - 2 scrolls of identify {unknown}
 g - a scroll of teleportation {unknown}
 h - a scroll of fear {unknown}
 m - a scroll of blinking {unknown}
 n - a scroll of remove curse {unknown}
Potions
 f - 2 potions of beneficial mutation {unknown}
 k - a potion of degeneration {unknown}
 o - a potion of haste {unknown}
Books
 b - a book of Flames

   Spells                             Type                      Level
   a - Flame Tongue                   Conjuration/Fire             1
   b - Throw Flame                    Conjuration/Fire             2
   c - Conjure Flame                  Conjuration/Fire             3
   d - Inner Flame                    Hexes/Fire                   3
   e - Sticky Flame                   Conjuration/Fire             4
   f - Fireball                       Conjuration/Fire             5
Comestibles
 c - a bread ration


   Skills:
 + Level 0.4 Fighting
 - Level 2.1 Dodging
 - Level 2.1 Stealth
 + Level 0.1 Unarmed Combat
 * Level 4.9 Spellcasting
 - Level 1.1 Conjurations
 - Level 3.1 Fire Magic


You had 11 spell levels left.
You knew the following spells:

 Your Spells              Type           Power        Failure   Level  Hunger
a - Flame Tongue          Conj/Fire      ##...        6%          1    None


Dungeon Overview and Level Annotations

Branches:
Dungeon (2/15)

Altars:

Annotations:
D:2 Natasha


Message History

Press: ? - help, Shift-Dir - straight line, f/p - Natasha
Aim: Natasha (heavily wounded)
The flame tongue hits Natasha.
Natasha is severely wounded.
Natasha barely misses you.
You hit Natasha.
Natasha is almost dead.
Natasha claws you!
* * * LOW HITPOINT WARNING * * *
Natasha barely misses you.
You barely miss Natasha.
Natasha is almost dead.
Natasha completely misses you.
Casting: Flame Tongue
Confirm with . or Enter, or press ? or * to list all spells.
Aiming: Flame Tongue
Press: ? - help, Shift-Dir - straight line, f/p - Natasha
Aim: Natasha (almost dead)
The flame tongue misses Natasha.
Natasha claws you.
You die...

#...# #.#.#
#...# #.#.#
#...#
#.#.###
###.#
#.#.... #.#
#.#.... #.#
#.#.... #.#
#.#.... #.#
#.#.... #@#
#.#....
#h#######
#.###..
#.......#
#.#....
#...#####.#
#.#)###
##..# #.#.#
..>. #.#.#
..... #.#.#
.......
#.#.###
........
#.#.##.


You could see Natasha.

Vanquished Creatures
  Natasha (D:2)
  An adder (D:2)
  An ooze (D:1)
  2 giant geckos (D:1)
  2 giant cockroaches
  5 goblins (D:2)
  6 hobgoblins (D:1)
  2 jackals (D:2)
  10 kobolds
  2 ball pythons (D:1)
  5 bats
  2 giant newts
  4 rats
43 creatures vanquished.

Notes
Turn   | Place    | Note
--------------------------------------------------------------
     0 | D:1      | mindo the High Elf Fire Elementalist began the quest for the Orb.
     0 | D:1      | Reached XP level 1. HP: 11/11 MP: 4/4
   128 | D:1      | Reached skill level 3 in Spellcasting
   163 | D:1      | Reached XP level 2. HP: 17/17 MP: 0/7
   719 | D:1      | Reached XP level 3. HP: 16/22 MP: 0/9
  1141 | D:2      | Reached skill level 4 in Spellcasting
  1274 | D:2      | Noticed Natasha
  1290 | D:2      | Killed Natasha
  1290 | D:2      | Reached XP level 4. HP: 16/27 MP: 6/11
  2020 | D:2      | Noticed Natasha
  2038 | D:2      | HP: 1/27 [Natasha (8)]
  2040 | D:2      | Slain by Natasha

Skill      XL: |  1  2  3 |
---------------+----------+-----
Spellcasting   | 3 4 |  4.9
Fighting       | |  0.4
Dodging        | |  2.1
Stealth        | |  2.1
Unarmed Combat | |  0.1
Conjurations   | |  1.1
Fire Magic     | |  3.1

Action                   |  1- 3 |  4- 6 || total
-------------------------+-------+-------++-------
Melee: Unarmed           |    12 |       ||    12
       Dagger            |    11 |     5 ||    16
 Cast: Flame Tongue      |    64 |    18 ||    82
  Eat: Bread ration      |       |     1 ||     1
Armor: Robe              |    15 |     4 ||    19
Dodge: Dodged            |    34 |    10 ||    44
